 Dungeon Sprint DCSS version 0.18.1-50-g88ac8fd (webtiles) character file.

102 Groucho the Chopper (level 4, -5/45 HPs)
             Began as a Deep Dwarf Fighter on Sept 17, 2016.
             Slain by a yak (9 damage)
             ... in the Dungeon (Sprint IX: "|||||||||||||||||||||||||||||") on Sept 19, 2016.
             The game lasted 00:01:24 (172 turns).

Groucho the Chopper (Deep Dwarf Fighter)             Turns: 172, Time: 00:01:24

Health: -5/45      AC:  7    Str: 20    XL:     4   Next: 49%
Magic:  4/4        EV:  7    Int:  9    God:
Gold:   0          SH: 10    Dex: 12    Spells: 0 memorised, 3 levels left

rFire  . . .     SeeInvis .     a - +0 war axe
rCold  . . .     Gourm    .     b - +0 scale mail
rNeg   . . .     Faith    .     c - +0 shield
rPois  .         Spirit   .     (no helmet)
rElec  .         Dismiss  .     (no cloak)
rCorr  .         Reflect  .     (no gloves)
SustAt .         Harm     .     (no boots)
MR     .....     NoTele   +     (no amulet)
Stlth  ..........               (no ring)
                                (no ring)

@: non-regenerating, not resistant to hostile enchantments, extremely unstealthy
A: damage resistance, recharge devices, sense surroundings 1, slow regeneration
3
a: Device Recharging


You were in the Dungeon.
You were not hungry.

You visited 1 branch

Inventory:

Hand Weapons
 a - a +0 war axe (weapon)
Armour
 b - a +0 scale mail (worn)
 c - a +0 shield (worn)
Jewellery
 q - a +3 ring of dexterity
 r - a +3 ring of intelligence
Wands
 e - a wand of heal wounds (5/9)
 p - a wand of acid (7/15)
Scrolls
 l - 2 scrolls of blinking
 n - 3 scrolls of remove curse
 o - 2 scrolls of amnesia
Potions
 d - a potion of might
 g - 5 potions of curing
 h - 3 potions of heal wounds
 i - a potion of haste
 j - 4 potions of magic
 k - a potion of berserk rage
 m - a potion of invisibility
Comestibles
 f - a bread ration


   Skills:
 + Level 4.3 Fighting
 * Level 6.5 Axes
 + Level 5.5 Armour
 + Level 5.4 Shields


You had 3 spell levels left.
You didn't know any spells.

Dungeon Overview and Level Annotations

Branches:
Dungeon (1/1)

Altars:
Cheibriados
Dithmenos
Elyvilon
Fedhas
Gozag
Kikubaaqudgha
Makhleb
Nemelex Xobeh
Okawaru
Pakellas
Qazlal
Ru
Sif Muna
Trog
Vehumet
Xom
Yredelemnul
Zin
The Shining One
Beogh
Jiyva
Lugonu


Innate Abilities, Weirdness & Mutations

You are resistant to damage.
You can recharge devices by infusing magical energy.
You passively map a small area around you.
You do not regenerate naturally.


Message History

You hit the yak.
The yak is lightly wounded.
The yak gores you but does no damage.
The howler monkey hoots and howls with incredible vigour!
You hit the yak but do no damage.
The yak is lightly wounded.
The yak gores you but does no damage.
You hit the yak but do no damage.
The yak is lightly wounded.
You block the yak's attack.
The howler monkey hoots and howls with incredible vigour!
Unknown command.
You closely miss the yak.
The yak is lightly wounded.
You block the yak's attack.
You hit the yak.
The yak is lightly wounded.
You are no longer poisoned.
You block the yak's attack. The yak gores you!
You die...

* ,
▓.▓
▓.▓
,*, ,
▓h▓
,▓y▓
*
,▓.▓
,*
▓Z▓ *
▓Y▓ *
,▓@▓
*
*,▓.▓
▓[▓ ,
▓[▓
*,
,▓[▓
▓)▓ *
▓|▓ *
▓.▓
▓.▓


You could see a yak, a howler monkey, a killer bee and a giant gecko skeleton.

Vanquished Creatures
  A wasp (D)
  A bat zombie (D)
  A giant cockroach (D)
  A goblin (D)
  2 jackals (D)
  2 quokkas (D)
  2 giant newts (D)
  A kobold (D)
11 creatures vanquished.

Notes
Turn   | Place    | Note
--------------------------------------------------------------
     0 | D        | Groucho the Deep Dwarf Fighter began the quest for the Orb.
     0 | D        | Reached XP level 1. HP: 20/20 MP: 1/1
    15 | D        | Reached skill level 3 in Axes
    33 | D        | Reached XP level 2. HP: 26/28 MP: 2/2
    44 | D        | Found a glowing silver altar of Zin.
    44 | D        | Found a glowing golden altar of the Shining One.
    44 | D        | Found an ancient bone altar of Kikubaaqudgha.
    44 | D        | Found a basalt altar of Yredelemnul.
    44 | D        | Found a shimmering altar of Xom.
    44 | D        | Found a radiant altar of Vehumet.
    45 | D        | Found an iron altar of Okawaru.
    46 | D        | Found a burning altar of Makhleb.
    47 | D        | Found a deep blue altar of Sif Muna.
    48 | D        | Found a bloodstained altar of Trog.
    49 | D        | Found a sparkling altar of Nemelex Xobeh.
    50 | D        | Found a white marble altar of Elyvilon.
    51 | D        | Found a roughly hewn altar of Beogh.
    52 | D        | Found a viscous altar of Jiyva.
    53 | D        | Found a corrupted altar of Lugonu.
    54 | D        | Found a blossoming altar of Fedhas.
    55 | D        | Found a snail-covered altar of Cheibriados.
    68 | D        | Found a shadowy altar of Dithmenos.
    69 | D        | Found a stormy altar of Qazlal.
    70 | D        | Found an opulent altar of Gozag.
    71 | D        | Found a sacrificial altar of Ru.
    72 | D        | Found an oddly glowing altar of Pakellas.
   156 | D        | Noticed a howler monkey
   156 | D        | Noticed a killer bee
   156 | D        | Noticed a yak
   156 | D        | Noticed a wasp
   167 | D        | Killed a wasp
   167 | D        | Reached skill level 6 in Axes
   167 | D        | Reached skill level 5 in Armour
   167 | D        | Reached skill level 5 in Shields
   167 | D        | Reached XP level 3. HP: 4/37 MP: 3/3
   167 | D        | Reached XP level 4. HP: 5/45 MP: 4/4
   172 | D        | Slain by a yak

Skill      XL: |  1  2 |
---------------+-------+-----
Axes           | 3 6 |  6.5
Fighting       | 3 4 |  4.3
Armour         | 4 5 |  5.5
Shields        | 5 |  5.4

Action                   |  1- 3 |  4- 6 || total
-------------------------+-------+-------++-------
Melee: War axe           |    38 |     5 ||    43
Armor: Scale mail        |    21 |     2 ||    23
Dodge: Dodged            |    12 |       ||    12
Block: Shield            |    25 |     3 ||    28
